WCHLSIM.com - West Coast Hockey League
html PUBLIC "-//W3C//DTD XHTML 1.0 Transitional//EN" "http://www.w3.org/TR/xhtml1/DTD/xhtml1-transitional.dtd"> WCHL - Game 202 - SPOKANE KNIGHTS vs SALEM BLACK JAYS

SPOKANE KNIGHTS vs SALEM BLACK JAYS

Created - 3 novembre 2019 at 09:40

Goals
1 2 3 OT1 T
SPOKANE KNIGHTS 1 1 0 0 2
SALEM BLACK JAYS 1 1 0 1 3
Shots
1 2 3 OT1 T
SPOKANE KNIGHTS 18 15 9 0 42
SALEM BLACK JAYS 7 7 12 1 27

1st period

1. SALEM BLACK JAYS , Matthew Calvert 1 (Trevor Lewis 4, Casey Cizikas 2) at 3:28
2. SPOKANE KNIGHTS , Mikael Backlund 9 (Vincent Trocheck 8, Zdeno Chara 2) at 7:01

Penalties :
Jason Demers (SAL) for Holding (Minor) at 10:45, Kyle Clifford (SAL) for Holding (Minor) at 13:53

2nd period

3. SPOKANE KNIGHTS , Vincent Trocheck 5 (Mikael Backlund 9, Bogdan Kiselevich 1) at 1:57
4. SALEM BLACK JAYS , Mitchell Marner 10 (Dylan Larkin 7) at 13:42

Penalties :
Cody Ceci (SAL) for Holding (Minor) at 7:43, Trevor Lewis (SAL) for Interference (Minor) at 14:35

3rd period

No Goal

Penalties :
Stefan Elliott (SPO) for Roughing (Minor) at 2:43, Jason Demers (SAL) for Hooking (Minor) at 13:44

Overtime #1

5. SALEM BLACK JAYS , Mikko Rantanen 6 (Mathew Barzal 10) at 0:04

Penalties :
No Penalty

Goalie Stats

Braden Holtby (SPO), 24 saves from 27 shots - (0,889), OTL, 9-2-1, 60:05 minutes
Mike Smith (SAL), 40 saves from 42 shots - (0,952), W, 6-3-0, 60:05 minutes

Players Stats for SPOKANE KNIGHTS

Player Name              G  A  P  +/- PIM S  H  SB GA TA FO     MP     PP MP  PK MP  
------------------------------------------------------------------------------------
Blake Wheeler            0  0  0  -1  0   4  0  0  0  0  1/2    19:12   4:08   0:00 
Bogdan Kiselevich        0  1  1   1  0   0  1  0  0  0  0/0    18:44   3:42   0:36 
Brooks Orpik             0  0  0   0  0   0  2  3  0  0  0/0    17:34   0:00   1:06 
Dmitri Jaskin            0  0  0   0  0   0  0  0  0  0  0/0     5:00   0:00   0:00 
Kristopher Letang        0  0  0  -1  0   2  0  4  0  0  0/0    24:18   6:13   0:53 
Marcus Kruger            0  0  0   0  0   0  0  0  0  0  5/6     5:00   0:00   0:00 
Matthew Tkachuk          0  0  0  -1  0   5  2  0  0  0  0/3    19:53   5:47   0:00 
Mikael Backlund          1  1  2   2  0   7  0  0  0  0  10/23  18:39   4:08   0:35 
Patrick Kane             0  0  0  -1  0   5  1  0  0  0  2/2    19:53   5:47   0:00 
Phillip Danault          0  0  0  -1  0   2  1  1  0  0  14/21  15:29   0:00   1:23 
Sebastian Aho            0  0  0  -2  0   3  0  1  0  0  13/22  20:56   5:47   0:00 
Stefan Elliott           0  0  0   1  2   0  1  0  0  0  0/0    18:07   3:42   0:00 
Tomas Hertl              0  0  0  -2  0   6  0  0  0  0  0/1    20:05   4:08   0:48 
Tyler Johnson            0  0  0   2  0   1  0  0  0  0  0/0    14:32   0:00   0:36 
Tyler Pitlick            0  0  0   0  0   0  1  0  0  0  0/0     5:00   0:00   0:00 
Victor Hedman            0  0  0  -2  0   1  0  1  0  0  0/0    23:30   6:13   0:00 
Vincent Trocheck         1  1  2   2  0   6  0  0  0  0  0/1    14:32   0:00   0:36 
Zdeno Chara              0  1  1   0  0   0  1  1  0  0  0/0    17:51   0:00   1:23 

Players Stats for SALEM BLACK JAYS

Player Name              G  A  P  +/- PIM S  H  SB GA TA FO     MP     PP MP  PK MP  
------------------------------------------------------------------------------------
Adam Larsson             0  0  0   0  0   0  0  4  0  0  0/0    19:35   0:00   5:14 
Anthony DeAngelo         0  0  0  -1  0   0  0  0  0  0  0/0     4:04   0:55   0:42 
Casey Cizikas            0  1  1   0  0   3  1  0  0  0  10/19  13:18   0:55   6:17 
Cody Ceci                0  0  0   1  2   0  2  3  0  0  0/0    20:09   0:00   3:42 
Dylan Larkin             0  1  1   0  0   6  1  1  0  0  16/27  19:03   0:55   3:38 
Filip Chytil             0  0  0   0  0   0  0  0  0  0  8/15   12:58   0:00   0:00 
Jason Demers             0  0  0   1  4   1  0  0  0  0  0/0    14:59   0:00   0:00 
Jimmy Schuldt            0  0  0   0  0   0  0  0  0  0  0/0     0:00   0:00   0:00 
Joshua Morrissey         0  0  0  -1  0   3  2  3  0  0  0/0    24:47   1:04   5:05 
Kyle Clifford            0  0  0   0  2   1  1  0  0  0  0/0    14:34   0:00   1:01 
Mathew Barzal            0  1  1   1  0   1  1  1  0  0  1/1    15:12   0:00   0:00 
Matthew Calvert          1  0  1   1  0   2  3  0  0  0  0/2    23:30   0:55   5:11 
Michal Kempny            0  0  0   1  0   1  2  0  0  0  0/0    16:05   1:04   0:00 
Mikko Rantanen           1  0  1   1  0   2  1  0  0  0  1/16   17:02   1:04   0:00 
Mitchell Marner          1  0  1  -1  0   5  0  1  0  0  0/1    16:26   1:04   0:00 
Par Lindholm             0  0  0   0  0   0  0  0  0  0  0/0    19:49   1:04   3:38 
Scott Mayfield           0  0  0   0  0   0  0  0  0  0  0/0    20:23   0:55   5:07 
Trevor Lewis             0  1  1   0  2   2  0  1  0  0  0/0    18:21   0:00   0:05 

3 Stars

1 - Mike Smith (SAL)
2 - Vincent Trocheck (SPO)
3 - Mikael Backlund (SPO)

Power Play

SPOKANE KNIGHTS - 0 on 5 Attempt(s) - 0,00%
SALEM BLACK JAYS - 0 on 1 Attempt(s) - 0,00%

Penalty Kill

SPOKANE KNIGHTS - 1 on 1 Attempt(s) - 100,00% - Score 0 goal in Penalty Kill
SALEM BLACK JAYS - 5 on 5 Attempt(s) - 100,00% - Score 0 goal in Penalty Kill

Team Stat

SPOKANE KNIGHTS - Hits : 10 - Faceoff Wins : 45 - Blocked Shots : 11 - Penalty Minutes : 2
SALEM BLACK JAYS - Hits : 14 - Faceoff Wins : 36 - Blocked Shots : 14 - Penalty Minutes : 10

Official

Referees : Furman South and Chris Lee
Linesman : Brian Pincus and Justin Prusak

Game Notes

No Game Note

Finance

Level 1 -- Attendance: 6000 (100,00%) -- Ticket Income 660 000 $
Level 2 -- Attendance: 5000 (100,00%) -- Ticket Income 350 000 $
Level 3 -- Attendance: 2000 (100,00%) -- Ticket Income 90 000 $
Level 4 -- Attendance: 4000 (100,00%) -- Ticket Income 140 000 $
Luxury Box -- Attendance: 962 (96,20%) -- Ticket Income 202 020 $
Game was played at the Demon Arena.
Total Attendance: 17962 (99,79%)
Total Ticket Income: 1 442 020 $
Other Income: 432 606 $
Total Income: 1 874 626 $

SPOKANE KNIGHTS

5 vs 5 Forward 
   Center                   Left Wing                Right Wing               Time % Phy DF OF 
 1 Sebastian Aho            Tomas Hertl              Blake Wheeler            32     1   2  2  
 2 Phillip Danault          Matthew Tkachuk          Patrick Kane             32     1   2  2  
 3 Mikael Backlund          Vincent Trocheck         Tyler Johnson            31     1   2  2  
 4 Marcus Kruger            Dmitri Jaskin            Tyler Pitlick            5      1   2  2  

5 vs 5 Defense 
   Defense                  Defense                                           Time % Phy DF OF 
 1 Victor Hedman            Kristopher Letang                                 33     1   2  2  
 2 Zdeno Chara              Brooks Orpik                                      33     1   2  2  
 3 Bogdan Kiselevich        Stefan Elliott                                    24     1   2  2  
 4 Bogdan Kiselevich        Stefan Elliott                                    10     1   2  2  

PowerPlay Forward 
   Center                   Left Wing                Right Wing               Time % Phy DF OF 
 1 Sebastian Aho            Matthew Tkachuk          Patrick Kane             60     1   1  3  
 2 Mikael Backlund          Tomas Hertl              Blake Wheeler            40     1   1  3  

PowerPlay Defense
   Defense                  Defense                                           Time % Phy DF OF 
 1 Victor Hedman            Kristopher Letang                                 60     1   1  3  
 2 Stefan Elliott           Bogdan Kiselevich                                 40     1   1  3  

Penalty Kill 4 Players Forward 
   Center                   Wing                     Time % Phy DF OF 
 1 Phillip Danault          Mikael Backlund          55     1   3  1  
 2 Tyler Johnson            Vincent Trocheck         45     1   3  1  

Penalty Kill 4 Players Defense
   Defense                  Defense                  Time % Phy DF OF 
 1 Zdeno Chara              Brooks Orpik             60     1   3  1  
 2 Stefan Elliott           Kristopher Letang        40     1   3  1  

Penalty Kill - 3 Players Forward 
   Forward                                           Time % Phy DF OF 
 1 Phillip Danault                                   60     0   5  0  
 2 Mikael Backlund                                   40     0   5  0  

Penalty Kill - 3 Players Defense
   Defense                  Defense                  Time % Phy DF OF 
 1 Kristopher Letang        Victor Hedman            60     0   5  0  
 2 Brooks Orpik             Zdeno Chara              40     0   5  0  

4 vs 4 Forward 
   Center                   Wing                     Time % Phy DF OF 
 1 Sebastian Aho            Tomas Hertl              50     1   2  2  
 2 Phillip Danault          Blake Wheeler            50     1   2  2  

4 vs 4 Defense
   Defense                  Defense                  Time % Phy DF OF 
 1 Kristopher Letang        Victor Hedman            60     1   2  2  
 2 Brooks Orpik             Zdeno Chara              40     1   2  2  

Last Minutes Offensive
   Center                   Left Wing                Right Wing               Defense                  Defense                  
   Sebastian Aho            Tomas Hertl              Blake Wheeler            Kristopher Letang        Victor Hedman            

Last Minutes Defensive
   Center                   Left Wing                Right Wing               Defense                  Defense                  
   Phillip Danault          Tomas Hertl              Blake Wheeler            Kristopher Letang        Victor Hedman            

Goaltenders
Starting : Braden Holtby            
Backup : Craig Anderson           

Extra Forwards
Normal : Tyler Johnson, Mikael Backlund, Patrick Kane - PP : Tyler Johnson, Vincent Trocheck - PK : Tyler Johnson
Extra Defensemen
Normal : Zdeno Chara, Stefan Elliott, Brooks Orpik - PP : Zdeno Chara - PK : Brooks Orpik, Zdeno Chara
Penalty Shots
Matthew Tkachuk, Patrick Kane, Tomas Hertl, Sebastian Aho, Blake Wheeler
Custom OT Lines Forwards
Sebastian Aho, Tomas Hertl, Phillip Danault, Blake Wheeler, Patrick Kane, Matthew Tkachuk, Mikael Backlund, Vincent Trocheck, Tyler Johnson, Tyler Pitlick
Custom OT Lines Defensemen
Kristopher Letang, Victor Hedman, Stefan Elliott, Zdeno Chara, Brooks Orpik

Scratches
Anton Stralman (Left Knee Injury), Jamie Oleksiak (Healthy), Noah Hanifin (Healthy)

SALEM BLACK JAYS

5 vs 5 Forward 
   Center                   Left Wing                Right Wing               Time % Phy DF OF 
 1 Dylan Larkin             Matthew Calvert          Mitchell Marner          36     0   1  4  
 2 Mikko Rantanen           Par Lindholm             Mathew Barzal            31     0   1  4  
 3 Casey Cizikas            Trevor Lewis             Matthew Calvert          23     1   2  2  
 4 Filip Chytil             Kyle Clifford            Trevor Lewis             10     1   3  1  

5 vs 5 Defense 
   Defense                  Defense                                           Time % Phy DF OF 
 1 Cody Ceci                Joshua Morrissey                                  36     1   2  2  
 2 Adam Larsson             Scott Mayfield                                    31     1   2  2  
 3 Jason Demers             Michal Kempny                                     23     1   2  2  
 4 Joshua Morrissey         Anthony DeAngelo                                  10     1   2  2  

PowerPlay Forward 
   Center                   Left Wing                Right Wing               Time % Phy DF OF 
 1 Dylan Larkin             Matthew Calvert          Casey Cizikas            55     1   2  2  
 2 Mitchell Marner          Par Lindholm             Mikko Rantanen           45     1   2  2  

PowerPlay Defense
   Defense                  Defense                                           Time % Phy DF OF 
 1 Joshua Morrissey         Michal Kempny                                     55     1   2  2  
 2 Scott Mayfield           Anthony DeAngelo                                  45     1   2  2  

Penalty Kill 4 Players Forward 
   Center                   Wing                     Time % Phy DF OF 
 1 Casey Cizikas            Matthew Calvert          55     1   2  2  
 2 Dylan Larkin             Par Lindholm             45     1   2  2  

Penalty Kill 4 Players Defense
   Defense                  Defense                  Time % Phy DF OF 
 1 Joshua Morrissey         Cody Ceci                55     1   2  2  
 2 Scott Mayfield           Adam Larsson             45     1   2  2  

Penalty Kill - 3 Players Forward 
   Forward                                           Time % Phy DF OF 
 1 Matthew Calvert                                   55     1   2  2  
 2 Casey Cizikas                                     45     1   2  2  

Penalty Kill - 3 Players Defense
   Defense                  Defense                  Time % Phy DF OF 
 1 Joshua Morrissey         Cody Ceci                55     1   2  2  
 2 Scott Mayfield           Adam Larsson             45     1   2  2  

4 vs 4 Forward 
   Center                   Wing                     Time % Phy DF OF 
 1 Mikko Rantanen           Matthew Calvert          55     1   2  2  
 2 Dylan Larkin             Casey Cizikas            45     1   2  2  

4 vs 4 Defense
   Defense                  Defense                  Time % Phy DF OF 
 1 Cody Ceci                Joshua Morrissey         55     1   2  2  
 2 Scott Mayfield           Adam Larsson             45     1   2  2  

Last Minutes Offensive
   Center                   Left Wing                Right Wing               Defense                  Defense                  
   Dylan Larkin             Mikko Rantanen           Mitchell Marner          Joshua Morrissey         Anthony DeAngelo         

Last Minutes Defensive
   Center                   Left Wing                Right Wing               Defense                  Defense                  
   Dylan Larkin             Mikko Rantanen           Mitchell Marner          Joshua Morrissey         Anthony DeAngelo         

Goaltenders
Starting : Mike Smith               
Backup : Juuse Saros              

Extra Forwards
Normal : Matthew Calvert, Dylan Larkin, Casey Cizikas - PP : Matthew Calvert, Casey Cizikas - PK : Matthew Calvert
Extra Defensemen
Normal : Adam Larsson, Joshua Morrissey, Michal Kempny - PP : Adam Larsson - PK : Scott Mayfield, Adam Larsson
Penalty Shots
Matthew Calvert, Dylan Larkin, Par Lindholm, Mitchell Marner, Casey Cizikas
Custom OT Lines Forwards
Mitchell Marner, Mikko Rantanen, Mathew Barzal, Dylan Larkin, Casey Cizikas, Matthew Calvert, Filip Chytil, Par Lindholm, Kyle Clifford, Trevor Lewis
Custom OT Lines Defensemen
Cody Ceci, Joshua Morrissey, Michal Kempny, Scott Mayfield, Adam Larsson

Scratches
Andrew Welinski (Healthy), Zach Bogosian (Back Injury), Calle Rosen (Healthy), Brett Ritchie (Healthy), Curtis Lazar (Healthy)
Devante Stephens (Healthy), Kevin Gravel (Healthy), Nicolas Kerdiles (Healthy), Scott Kosmachuk (Healthy), Spencer Foo (Healthy)
Tobias Rieder (Healthy), Harri Sateri (Healthy)

% Time on Ice - SPOKANE KNIGHTS

Lines # - Real PCT - Wanted PCT - Time Play
Normal Forward
1 - 31% - 32% - 15:04
2 - 29% - 32% - 14:06
3 - 29% - 31% - 13:56
4 - 10% - 5% - 5:00
Normal Defense
1 - 36% - 33% - 17:12
2 - 34% - 33% - 16:28
3 - 23% - 24% - 11:13
4 - 7% - 10% - 3:13
PP Forward
1 - 58% - 60% - 5:47
2 - 42% - 40% - 4:08
PP Defense
1 - 63% - 60% - 6:13
2 - 37% - 40% - 3:42
PK Forward
1 - 70% - 55% - 1:23
2 - 30% - 45% - 0:36
PK Defense
1 - 55% - 60% - 1:06
2 - 45% - 40% - 0:53
PK3 Forward
1 - 0% - 60%
2 - 0% - 40%
PK3 Defense
1 - 0% - 60%
2 - 0% - 40%
44 Forward
1 - 0% - 50%
2 - 0% - 50%
44 Defense
1 - 0% - 60%
2 - 0% - 40%
Last Minute Offensive  - 0:00
Last Minute Defensive  - 0:00
Total
Forward - 60:00
Defense - 60:00

% Time on Ice - SALEM BLACK JAYS

Lines # - Real PCT - Wanted PCT - Time Play
Normal Forward
1 - 30% - 36% - 14:30
2 - 31% - 31% - 15:07
3 - 11% - 23% - 5:31
4 - 27% - 10% - 12:58
Normal Defense
1 - 34% - 36% - 16:17
2 - 30% - 31% - 14:21
3 - 31% - 23% - 15:01
4 - 5% - 10% - 2:27
PP Forward
1 - 46% - 55% - 0:55
2 - 54% - 45% - 1:04
PP Defense
1 - 54% - 55% - 1:04
2 - 46% - 45% - 0:55
PK Forward
1 - 63% - 55% - 6:17
2 - 37% - 45% - 3:38
PK Defense
1 - 51% - 55% - 5:05
2 - 49% - 45% - 4:50
PK3 Forward
1 - 0% - 55%
2 - 0% - 45%
PK3 Defense
1 - 0% - 55%
2 - 0% - 45%
44 Forward
1 - 0% - 55%
2 - 0% - 45%
44 Defense
1 - 0% - 55%
2 - 0% - 45%
Last Minute Offensive  - 0:00
Last Minute Defensive  - 0:00
Total
Forward - 60:00
Defense - 60:00

Play-by-Play

1st period


0:01 of 1st period - Sebastian Aho wins face-off versus Dylan Larkin in neutral zone.
0:21 of 1st period - Shot by Mitchell Marner.
0:21 of 1st period - Stopped by Braden Holtby with a rebound.
0:23 of 1st period - Shot by Dylan Larkin.
0:23 of 1st period - Shot Misses the Net.
0:25 of 1st period - Shot by Joshua Morrissey.
0:25 of 1st period - Stopped by Braden Holtby without a rebound.
0:26 of 1st period - Phillip Danault wins face-off versus Mikko Rantanen in SPOKANE KNIGHTS zone.
1:39 of 1st period - Shot by Mikael Backlund.
1:39 of 1st period - Shot Misses the Net.
2:08 of 1st period - Sebastian Aho is hit by Mathew Barzal and loses puck.
2:44 of 1st period - Shot by Tomas Hertl.
2:44 of 1st period - Shot Blocked by Adam Larsson.
3:22 of 1st period - Shot by Casey Cizikas.
3:22 of 1st period - Shot Misses the Net.
3:24 of 1st period - Shot by Matthew Calvert.
3:24 of 1st period - Deflect By Trevor Lewis.
3:24 of 1st period - Stopped by Braden Holtby with a rebound.
3:26 of 1st period - Shot by Trevor Lewis.
3:26 of 1st period - Shot Hit the Post.
3:28 of 1st period - Shot by Matthew Calvert.
3:28 of 1st period - Goal by Matthew Calvert - SPOKANE KNIGHTS : 0 - SALEM BLACK JAYS : 1.
3:29 of 1st period - Dylan Larkin wins face-off versus Vincent Trocheck in neutral zone.
3:54 of 1st period - Shot by Vincent Trocheck.
3:54 of 1st period - Stopped by Mike Smith without a rebound.
3:55 of 1st period - Phillip Danault wins face-off versus Filip Chytil in SALEM BLACK JAYS zone.
5:00 of 1st period - Shot by Dylan Larkin.
5:00 of 1st period - Shot Blocked by Phillip Danault.
5:02 of 1st period - Shot by Joshua Morrissey.
5:02 of 1st period - Shot Misses the Net.
5:04 of 1st period - Shot by Dylan Larkin.
5:04 of 1st period - Shot Misses the Net.
5:14 of 1st period - Joshua Morrissey is hit by Phillip Danault and loses puck.
5:30 of 1st period - Shot by Dylan Larkin.
5:30 of 1st period - Shot Misses the Net.
5:41 of 1st period - Off-side.
5:42 of 1st period - Mikael Backlund wins face-off versus Casey Cizikas in neutral zone.
5:53 of 1st period - Shot by Vincent Trocheck.
5:53 of 1st period - Shot Misses the Net.
5:55 of 1st period - Shot by Mikael Backlund.
5:55 of 1st period - Shot Blocked by Trevor Lewis.
6:05 of 1st period - Icing by Joshua Morrissey.
6:06 of 1st period - Casey Cizikas wins face-off versus Marcus Kruger in SALEM BLACK JAYS zone.
6:23 of 1st period - Icing by Joshua Morrissey.
6:24 of 1st period - Casey Cizikas wins face-off versus Mikael Backlund in SALEM BLACK JAYS zone.
6:51 of 1st period - Shot by Mikael Backlund.
6:51 of 1st period - Shot Misses the Net.
6:53 of 1st period - Shot by Mikael Backlund.
6:53 of 1st period - Shot Misses the Net.
7:01 of 1st period - Shot by Mikael Backlund.
7:01 of 1st period - Goal by Mikael Backlund - SPOKANE KNIGHTS : 1 - SALEM BLACK JAYS : 1.
7:02 of 1st period - Sebastian Aho wins face-off versus Mikko Rantanen in neutral zone.
7:07 of 1st period - Shot by Blake Wheeler.
7:07 of 1st period - Deflect By Tomas Hertl.
7:07 of 1st period - Shot Misses the Net.
7:41 of 1st period - Shot by Mikko Rantanen.
7:41 of 1st period - Deflect By Mathew Barzal.
7:41 of 1st period - Shot Blocked by Kristopher Letang.
7:43 of 1st period - Shot by Mikko Rantanen.
7:43 of 1st period - Shot Misses the Net.
8:13 of 1st period - Shot by Dylan Larkin.
8:13 of 1st period - Shot Blocked by Sebastian Aho.
8:39 of 1st period - Shot by Casey Cizikas.
8:39 of 1st period - Stopped by Braden Holtby without a rebound.
8:40 of 1st period - Mikael Backlund wins face-off versus Filip Chytil in SPOKANE KNIGHTS zone.
8:44 of 1st period - Icing by Mikael Backlund.
8:45 of 1st period - Dylan Larkin wins face-off versus Mikael Backlund in SPOKANE KNIGHTS zone.
8:56 of 1st period - Icing by Vincent Trocheck.
8:57 of 1st period - Filip Chytil wins face-off versus Mikael Backlund in SPOKANE KNIGHTS zone.
9:04 of 1st period - Shot by Kyle Clifford.
9:04 of 1st period - Stopped by Braden Holtby with a rebound.
9:12 of 1st period - Shot by Mikael Backlund.
9:12 of 1st period - Stopped by Mike Smith with a rebound.
9:14 of 1st period - Shot by Vincent Trocheck.
9:14 of 1st period - Stopped by Mike Smith without a rebound.
9:15 of 1st period - Patrick Kane wins face-off versus Dylan Larkin in SALEM BLACK JAYS zone.
9:22 of 1st period - Shot by Phillip Danault.
9:22 of 1st period - Stopped by Mike Smith without a rebound.
9:23 of 1st period - Dylan Larkin wins face-off versus Phillip Danault in SALEM BLACK JAYS zone.
9:36 of 1st period - Off-side.
9:37 of 1st period - Marcus Kruger wins face-off versus Mikko Rantanen in neutral zone.
10:05 of 1st period - Par Lindholm is hit by Stefan Elliott.
10:19 of 1st period - Mathew Barzal is hit by Bogdan Kiselevich and loses puck.
10:45 of 1st period - Minor Penalty to Jason Demers for Holding.
10:46 of 1st period - Sebastian Aho wins face-off versus Matthew Calvert in SALEM BLACK JAYS zone.
12:36 of 1st period - Icing by Mikael Backlund.
12:37 of 1st period - Mikael Backlund wins face-off versus Casey Cizikas in SPOKANE KNIGHTS zone.
12:45 of 1st period - Adam Larsson is hit by Brooks Orpik and loses puck.
13:05 of 1st period - Michal Kempny is hit by Zdeno Chara and loses puck.
13:10 of 1st period - Shot by Trevor Lewis.
13:10 of 1st period - Deflect By Filip Chytil.
13:10 of 1st period - Shot Misses the Net.
13:15 of 1st period - Icing by Brooks Orpik.
13:16 of 1st period - Marcus Kruger wins face-off versus Dylan Larkin in SPOKANE KNIGHTS zone.
13:16 of 1st period - Marcus Kruger is hit by Dylan Larkin.
13:46 of 1st period - Shot by Dylan Larkin.
13:46 of 1st period - Stopped by Braden Holtby without a rebound.
13:47 of 1st period - Filip Chytil wins face-off versus Mikael Backlund in SPOKANE KNIGHTS zone.
13:53 of 1st period - Minor Penalty to Kyle Clifford for Holding.
13:54 of 1st period - Sebastian Aho wins face-off versus Casey Cizikas in SALEM BLACK JAYS zone.
13:55 of 1st period - Shot by Kristopher Letang.
13:55 of 1st period - Stopped by Mike Smith without a rebound.
13:56 of 1st period - Casey Cizikas wins face-off versus Sebastian Aho in SALEM BLACK JAYS zone.
14:17 of 1st period - Shot by Patrick Kane.
14:17 of 1st period - Stopped by Mike Smith without a rebound.
14:18 of 1st period - Casey Cizikas wins face-off versus Mikael Backlund in SALEM BLACK JAYS zone.
14:47 of 1st period - Shot by Tomas Hertl.
14:47 of 1st period - Deflect By Blake Wheeler.
14:47 of 1st period - Shot Blocked by Adam Larsson.
14:49 of 1st period - Shot by Mikael Backlund.
14:49 of 1st period - Stopped by Mike Smith without a rebound.
14:50 of 1st period - Dylan Larkin wins face-off versus Sebastian Aho in SALEM BLACK JAYS zone.
15:29 of 1st period - Shot by Patrick Kane.
15:29 of 1st period - Stopped by Mike Smith without a rebound.
15:30 of 1st period - Dylan Larkin wins face-off versus Mikael Backlund in SALEM BLACK JAYS zone.
15:47 of 1st period - Shot by Tomas Hertl.
15:47 of 1st period - Stopped by Mike Smith without a rebound.
15:48 of 1st period - Dylan Larkin wins face-off versus Matthew Tkachuk in SALEM BLACK JAYS zone.
16:30 of 1st period - Shot by Mikael Backlund.
16:30 of 1st period - Stopped by Mike Smith without a rebound.
16:31 of 1st period - Patrick Kane wins face-off versus Mikko Rantanen in SALEM BLACK JAYS zone.
16:34 of 1st period - Shot by Matthew Tkachuk.
16:34 of 1st period - Stopped by Mike Smith without a rebound.
16:35 of 1st period - Phillip Danault wins face-off versus Dylan Larkin in SALEM BLACK JAYS zone.
16:36 of 1st period - Shot by Matthew Tkachuk.
16:36 of 1st period - Stopped by Mike Smith without a rebound.
16:37 of 1st period - Dylan Larkin wins face-off versus Phillip Danault in SALEM BLACK JAYS zone.
16:52 of 1st period - Shot by Matthew Tkachuk.
16:52 of 1st period - Shot Hit the Post.
17:05 of 1st period - Icing by Cody Ceci.
17:06 of 1st period - Dylan Larkin wins face-off versus Sebastian Aho in SALEM BLACK JAYS zone.
17:33 of 1st period - Shot by Blake Wheeler.
17:33 of 1st period - Stopped by Mike Smith with a rebound.
17:35 of 1st period - Shot by Kristopher Letang.
17:35 of 1st period - Stopped by Mike Smith without a rebound.
17:36 of 1st period - Mikko Rantanen wins face-off versus Matthew Tkachuk in SALEM BLACK JAYS zone.
17:53 of 1st period - Shot by Patrick Kane.
17:53 of 1st period - Shot Misses the Net.
17:59 of 1st period - Shot by Patrick Kane.
17:59 of 1st period - Stopped by Mike Smith with a rebound.
18:26 of 1st period - Icing by Zdeno Chara.
18:27 of 1st period - Filip Chytil wins face-off versus Matthew Tkachuk in SPOKANE KNIGHTS zone.
19:24 of 1st period - Shot by Vincent Trocheck.
19:24 of 1st period - Stopped by Mike Smith with a rebound.
19:56 of 1st period - Shot by Tomas Hertl.
19:56 of 1st period - Stopped by Mike Smith without a rebound.
19:57 of 1st period - Phillip Danault wins face-off versus Mikko Rantanen in SALEM BLACK JAYS zone.
19:58 of 1st period - Shot by Matthew Tkachuk.
19:58 of 1st period - Shot Misses the Net.
Goals for this period are 1 for SPOKANE KNIGHTS vs 1 for SALEM BLACK JAYS.
Shots for this period are 18 for SPOKANE KNIGHTS vs 7 for SALEM BLACK JAYS.

2nd period


0:01 of 2nd period - Sebastian Aho wins face-off versus Casey Cizikas in neutral zone.
0:06 of 2nd period - Shot by Blake Wheeler.
0:06 of 2nd period - Stopped by Mike Smith without a rebound.
0:07 of 2nd period - Blake Wheeler wins face-off versus Casey Cizikas in SALEM BLACK JAYS zone.
0:16 of 2nd period - Shot by Sebastian Aho.
0:16 of 2nd period - Shot Blocked by Joshua Morrissey.
0:18 of 2nd period - Shot by Brooks Orpik.
0:18 of 2nd period - Shot Misses the Net.
0:20 of 2nd period - Shot by Tomas Hertl.
0:20 of 2nd period - Shot Misses the Net.
0:22 of 2nd period - Shot by Tomas Hertl.
0:22 of 2nd period - Shot Misses the Net.
0:24 of 2nd period - Shot by Sebastian Aho.
0:24 of 2nd period - Stopped by Mike Smith without a rebound.
0:25 of 2nd period - Phillip Danault wins face-off versus Mikko Rantanen in SALEM BLACK JAYS zone.
1:07 of 2nd period - Shot by Mikko Rantanen.
1:07 of 2nd period - Shot Blocked by Kristopher Letang.
1:09 of 2nd period - Shot by Adam Larsson.
1:09 of 2nd period - Shot Hit the Post.
1:16 of 2nd period - Icing by Kristopher Letang.
1:17 of 2nd period - Casey Cizikas wins face-off versus Phillip Danault in SPOKANE KNIGHTS zone.
1:20 of 2nd period - Shot by Trevor Lewis.
1:20 of 2nd period - Shot Misses the Net.
1:22 of 2nd period - Shot by Casey Cizikas.
1:22 of 2nd period - Shot Blocked by Kristopher Letang.
1:32 of 2nd period - Shot by Casey Cizikas.
1:32 of 2nd period - Stopped by Braden Holtby without a rebound.
1:33 of 2nd period - Mikael Backlund wins face-off versus Dylan Larkin in SPOKANE KNIGHTS zone.
1:33 of 2nd period - Mikael Backlund is hit by Matthew Calvert.
1:51 of 2nd period - Shot by Mikael Backlund.
1:51 of 2nd period - Shot Misses the Net.
1:53 of 2nd period - Shot by Bogdan Kiselevich.
1:53 of 2nd period - Shot Misses the Net.
1:55 of 2nd period - Shot by Mikael Backlund.
1:55 of 2nd period - Shot Misses the Net.
1:57 of 2nd period - Shot by Vincent Trocheck.
1:57 of 2nd period - Goal by Vincent Trocheck - SPOKANE KNIGHTS : 2 - SALEM BLACK JAYS : 1.
1:58 of 2nd period - Filip Chytil wins face-off versus Sebastian Aho in neutral zone.
2:00 of 2nd period - Trevor Lewis is hit by Brooks Orpik and loses puck.
2:12 of 2nd period - Icing by Cody Ceci.
2:13 of 2nd period - Filip Chytil wins face-off versus Mikael Backlund in SALEM BLACK JAYS zone.
2:18 of 2nd period - Mikael Backlund is hit by Kyle Clifford and loses puck.
3:21 of 2nd period - Sebastian Aho is hit by Cody Ceci and loses puck.
3:28 of 2nd period - Shot by Blake Wheeler.
3:28 of 2nd period - Shot Misses the Net.
3:42 of 2nd period - Shot by Blake Wheeler.
3:42 of 2nd period - Deflect By Tomas Hertl.
3:42 of 2nd period - Stopped by Mike Smith without a rebound.
3:43 of 2nd period - Dylan Larkin wins face-off versus Phillip Danault in SALEM BLACK JAYS zone.
3:43 of 2nd period - Dylan Larkin is hit by Matthew Tkachuk.
4:04 of 2nd period - Shot by Mitchell Marner.
4:04 of 2nd period - Stopped by Braden Holtby with a rebound.
4:06 of 2nd period - Shot by Dylan Larkin.
4:06 of 2nd period - Stopped by Braden Holtby without a rebound.
4:07 of 2nd period - Sebastian Aho wins face-off versus Mikko Rantanen in SPOKANE KNIGHTS zone.
4:47 of 2nd period - Shot by Mikko Rantanen.
4:47 of 2nd period - Shot Blocked by Brooks Orpik.
5:03 of 2nd period - Shot by Mikael Backlund.
5:03 of 2nd period - Shot Misses the Net.
5:28 of 2nd period - Shot by Vincent Trocheck.
5:28 of 2nd period - Shot Blocked by Mathew Barzal.
5:30 of 2nd period - Shot by Vincent Trocheck.
5:30 of 2nd period - Stopped by Mike Smith without a rebound.
5:31 of 2nd period - Phillip Danault wins face-off versus Dylan Larkin in SALEM BLACK JAYS zone.
5:34 of 2nd period - Shot by Matthew Tkachuk.
5:34 of 2nd period - Stopped by Mike Smith with a rebound.
5:44 of 2nd period - Shot by Patrick Kane.
5:44 of 2nd period - Shot Misses the Net.
5:46 of 2nd period - Shot by Phillip Danault.
5:46 of 2nd period - Shot Blocked by Mitchell Marner.
5:48 of 2nd period - Shot by Kristopher Letang.
5:48 of 2nd period - Shot Misses the Net.
5:50 of 2nd period - Shot by Victor Hedman.
5:50 of 2nd period - Shot Blocked by Adam Larsson.
6:39 of 2nd period - Shot by Sebastian Aho.
6:39 of 2nd period - Shot Misses the Net.
6:45 of 2nd period - Shot by Tomas Hertl.
6:45 of 2nd period - Shot Misses the Net.
6:58 of 2nd period - Shot by Sebastian Aho.
6:58 of 2nd period - Shot Blocked by Adam Larsson.
7:00 of 2nd period - Shot by Sebastian Aho.
7:00 of 2nd period - Stopped by Mike Smith without a rebound.
7:01 of 2nd period - Mikael Backlund wins face-off versus Filip Chytil in SALEM BLACK JAYS zone.
7:10 of 2nd period - Shot by Mikael Backlund.
7:10 of 2nd period - Stopped by Mike Smith without a rebound.
7:11 of 2nd period - Mikael Backlund wins face-off versus Filip Chytil in SALEM BLACK JAYS zone.
7:11 of 2nd period - Vincent Trocheck is hit by Joshua Morrissey and loses puck.
7:43 of 2nd period - Minor Penalty to Cody Ceci for Holding.
7:44 of 2nd period - Casey Cizikas wins face-off versus Sebastian Aho in SALEM BLACK JAYS zone.
8:05 of 2nd period - Shot by Sebastian Aho.
8:05 of 2nd period - Shot Misses the Net.
8:17 of 2nd period - Shot by Patrick Kane.
8:17 of 2nd period - Stopped by Mike Smith without a rebound.
8:18 of 2nd period - Dylan Larkin wins face-off versus Mikael Backlund in SALEM BLACK JAYS zone.
8:43 of 2nd period - Shot by Blake Wheeler.
8:43 of 2nd period - Deflect By Tomas Hertl.
8:43 of 2nd period - Stopped by Mike Smith with a rebound.
8:45 of 2nd period - Shot by Mikael Backlund.
8:45 of 2nd period - Stopped by Mike Smith without a rebound.
8:46 of 2nd period - Casey Cizikas wins face-off versus Sebastian Aho in SALEM BLACK JAYS zone.
8:46 of 2nd period - Casey Cizikas is hit by Patrick Kane.
9:14 of 2nd period - Shot by Sebastian Aho.
9:14 of 2nd period - Shot Misses the Net.
9:16 of 2nd period - Shot by Sebastian Aho.
9:16 of 2nd period - Stopped by Mike Smith without a rebound.
9:17 of 2nd period - Mikael Backlund wins face-off versus Dylan Larkin in SALEM BLACK JAYS zone.
9:34 of 2nd period - Shot by Tomas Hertl.
9:34 of 2nd period - Deflect By Blake Wheeler.
9:34 of 2nd period - Stopped by Mike Smith without a rebound.
9:35 of 2nd period - Sebastian Aho wins face-off versus Casey Cizikas in SALEM BLACK JAYS zone.
9:58 of 2nd period - Icing by Zdeno Chara.
9:59 of 2nd period - Marcus Kruger wins face-off versus Mikko Rantanen in SPOKANE KNIGHTS zone.
9:59 of 2nd period - Marcus Kruger is hit by Mikko Rantanen.
10:55 of 2nd period - Joshua Morrissey is hit by Tyler Pitlick and loses puck.
11:15 of 2nd period - Icing by Joshua Morrissey.
11:16 of 2nd period - Phillip Danault wins face-off versus Casey Cizikas in SALEM BLACK JAYS zone.
11:32 of 2nd period - Shot by Casey Cizikas.
11:32 of 2nd period - Shot Misses the Net.
11:34 of 2nd period - Shot by Cody Ceci.
11:34 of 2nd period - Shot Misses the Net.
11:36 of 2nd period - Shot by Joshua Morrissey.
11:36 of 2nd period - Stopped by Braden Holtby without a rebound.
11:37 of 2nd period - Sebastian Aho wins face-off versus Mikko Rantanen in SPOKANE KNIGHTS zone.
12:38 of 2nd period - Icing by Kristopher Letang.
12:39 of 2nd period - Mikael Backlund wins face-off versus Filip Chytil in SPOKANE KNIGHTS zone.
12:58 of 2nd period - Shot by Mikael Backlund.
12:58 of 2nd period - Shot Blocked by Cody Ceci.
13:17 of 2nd period - Shot by Mikael Backlund.
13:17 of 2nd period - Stopped by Mike Smith without a rebound.
13:18 of 2nd period - Dylan Larkin wins face-off versus Phillip Danault in SALEM BLACK JAYS zone.
13:42 of 2nd period - Shot by Mitchell Marner.
13:42 of 2nd period - Goal by Mitchell Marner - SPOKANE KNIGHTS : 2 - SALEM BLACK JAYS : 2.
13:43 of 2nd period - Sebastian Aho wins face-off versus Mikko Rantanen in neutral zone.
14:12 of 2nd period - Shot by Par Lindholm.
14:12 of 2nd period - Shot Misses the Net.
14:35 of 2nd period - Minor Penalty to Trevor Lewis for Interference.
14:36 of 2nd period - Sebastian Aho wins face-off versus Casey Cizikas in SALEM BLACK JAYS zone.
15:37 of 2nd period - Shot by Dylan Larkin.
15:37 of 2nd period - Stopped by Braden Holtby without a rebound.
15:38 of 2nd period - Casey Cizikas wins face-off versus Mikael Backlund in SPOKANE KNIGHTS zone.
15:55 of 2nd period - Shot by Matthew Calvert.
15:55 of 2nd period - Shot Blocked by Victor Hedman.
16:53 of 2nd period - Shot by Trevor Lewis.
16:53 of 2nd period - Stopped by Braden Holtby with a rebound.
17:09 of 2nd period - Shot by Filip Chytil.
17:09 of 2nd period - Shot Misses the Net.
17:12 of 2nd period - Icing by Brooks Orpik.
17:13 of 2nd period - Marcus Kruger wins face-off versus Mikko Rantanen in SPOKANE KNIGHTS zone.
17:21 of 2nd period - Off-side.
17:22 of 2nd period - Phillip Danault wins face-off versus Mikko Rantanen in neutral zone.
17:24 of 2nd period - Patrick Kane is hit by Michal Kempny and loses puck.
18:48 of 2nd period - Shot by Mikael Backlund.
18:48 of 2nd period - Deflect By Vincent Trocheck.
18:48 of 2nd period - Shot Blocked by Cody Ceci.
18:50 of 2nd period - Shot by Victor Hedman.
18:50 of 2nd period - Stopped by Mike Smith with a rebound.
18:52 of 2nd period - Shot by Victor Hedman.
18:52 of 2nd period - Shot Blocked by Cody Ceci.
18:54 of 2nd period - Shot by Mikael Backlund.
18:54 of 2nd period - Shot Blocked by Joshua Morrissey.
19:16 of 2nd period - Icing by Tomas Hertl.
19:17 of 2nd period - Sebastian Aho wins face-off versus Dylan Larkin in SPOKANE KNIGHTS zone.
19:22 of 2nd period - Shot by Tomas Hertl.
19:22 of 2nd period - Shot Blocked by Dylan Larkin.
Goals for this period are 1 for SPOKANE KNIGHTS vs 1 for SALEM BLACK JAYS.
Shots for this period are 15 for SPOKANE KNIGHTS vs 7 for SALEM BLACK JAYS.

3rd period


0:01 of 3rd period - Phillip Danault wins face-off versus Casey Cizikas in neutral zone.
0:32 of 3rd period - Shot by Phillip Danault.
0:32 of 3rd period - Shot Misses the Net.
0:34 of 3rd period - Shot by Matthew Tkachuk.
0:34 of 3rd period - Shot Misses the Net.
0:36 of 3rd period - Shot by Phillip Danault.
0:36 of 3rd period - Shot Misses the Net.
0:38 of 3rd period - Shot by Phillip Danault.
0:38 of 3rd period - Shot Blocked by Joshua Morrissey.
1:00 of 3rd period - Mikael Backlund is hit by Matthew Calvert and loses puck.
2:05 of 3rd period - Icing by Kristopher Letang.
2:06 of 3rd period - Mikael Backlund wins face-off versus Dylan Larkin in SPOKANE KNIGHTS zone.
2:36 of 3rd period - Shot by Dylan Larkin.
2:36 of 3rd period - Shot Blocked by Kristopher Letang.
2:38 of 3rd period - Shot by Michal Kempny.
2:38 of 3rd period - Stopped by Braden Holtby without a rebound.
2:39 of 3rd period - Phillip Danault wins face-off versus Mikko Rantanen in SPOKANE KNIGHTS zone.
2:43 of 3rd period - Minor Penalty to Stefan Elliott for Roughing.
2:44 of 3rd period - Dylan Larkin wins face-off versus Phillip Danault in SPOKANE KNIGHTS zone.
2:51 of 3rd period - Shot by Dylan Larkin.
2:51 of 3rd period - Stopped by Braden Holtby without a rebound.
2:52 of 3rd period - Phillip Danault wins face-off versus Mitchell Marner in SPOKANE KNIGHTS zone.
3:31 of 3rd period - Shot by Joshua Morrissey.
3:31 of 3rd period - Stopped by Braden Holtby without a rebound.
3:32 of 3rd period - Phillip Danault wins face-off versus Dylan Larkin in SPOKANE KNIGHTS zone.
3:32 of 3rd period - Phillip Danault is hit by Casey Cizikas.
4:35 of 3rd period - Phillip Danault is hit by Michal Kempny.
4:50 of 3rd period - Tomas Hertl is hit by Cody Ceci and loses puck.
4:54 of 3rd period - Icing by Joshua Morrissey.
4:55 of 3rd period - Filip Chytil wins face-off versus Sebastian Aho in SALEM BLACK JAYS zone.
5:06 of 3rd period - Shot by Joshua Morrissey.
5:06 of 3rd period - Shot Misses the Net.
5:11 of 3rd period - Icing by Sebastian Aho.
5:12 of 3rd period - Sebastian Aho wins face-off versus Dylan Larkin in SPOKANE KNIGHTS zone.
5:42 of 3rd period - Shot by Matthew Calvert.
5:42 of 3rd period - Stopped by Braden Holtby without a rebound.
5:43 of 3rd period - Phillip Danault wins face-off versus Mikko Rantanen in SPOKANE KNIGHTS zone.
6:20 of 3rd period - Shot by Mikko Rantanen.
6:20 of 3rd period - Stopped by Braden Holtby without a rebound.
6:21 of 3rd period - Dylan Larkin wins face-off versus Blake Wheeler in SPOKANE KNIGHTS zone.
6:37 of 3rd period - Sebastian Aho is hit by Joshua Morrissey and loses puck.
6:54 of 3rd period - Shot by Mitchell Marner.
6:54 of 3rd period - Stopped by Braden Holtby with a rebound.
6:56 of 3rd period - Shot by Dylan Larkin.
6:56 of 3rd period - Stopped by Braden Holtby without a rebound.
6:57 of 3rd period - Filip Chytil wins face-off versus Phillip Danault in SPOKANE KNIGHTS zone.
7:14 of 3rd period - Shot by Kyle Clifford.
7:14 of 3rd period - Shot Blocked by Brooks Orpik.
7:26 of 3rd period - Shot by Phillip Danault.
7:26 of 3rd period - Deflect By Patrick Kane.
7:26 of 3rd period - Stopped by Mike Smith with a rebound.
7:35 of 3rd period - Icing by Michal Kempny.
7:36 of 3rd period - Filip Chytil wins face-off versus Mikael Backlund in SALEM BLACK JAYS zone.
7:40 of 3rd period - Icing by Filip Chytil.
7:41 of 3rd period - Mikael Backlund wins face-off versus Filip Chytil in SALEM BLACK JAYS zone.
8:07 of 3rd period - Shot by Vincent Trocheck.
8:07 of 3rd period - Stopped by Mike Smith with a rebound.
8:21 of 3rd period - Shot by Tyler Johnson.
8:21 of 3rd period - Stopped by Mike Smith with a rebound.
10:13 of 3rd period - Shot by Dylan Larkin.
10:13 of 3rd period - Shot Blocked by Zdeno Chara.
10:17 of 3rd period - Shot by Mitchell Marner.
10:17 of 3rd period - Shot Blocked by Brooks Orpik.
10:19 of 3rd period - Shot by Mitchell Marner.
10:19 of 3rd period - Stopped by Braden Holtby with a rebound.
10:21 of 3rd period - Shot by Dylan Larkin.
10:21 of 3rd period - Stopped by Braden Holtby with a rebound.
11:00 of 3rd period - Shot by Mathew Barzal.
11:00 of 3rd period - Stopped by Braden Holtby without a rebound.
11:01 of 3rd period - Phillip Danault wins face-off versus Mikko Rantanen in SPOKANE KNIGHTS zone.
11:24 of 3rd period - Shot by Patrick Kane.
11:24 of 3rd period - Deflect By Matthew Tkachuk.
11:24 of 3rd period - Shot Hit the Post.
11:26 of 3rd period - Shot by Phillip Danault.
11:26 of 3rd period - Stopped by Mike Smith without a rebound.
11:27 of 3rd period - Dylan Larkin wins face-off versus Mikael Backlund in SALEM BLACK JAYS zone.
11:40 of 3rd period - Mikael Backlund is hit by Matthew Calvert and loses puck.
12:59 of 3rd period - Shot by Matthew Tkachuk.
12:59 of 3rd period - Stopped by Mike Smith with a rebound.
13:25 of 3rd period - Shot by Sebastian Aho.
13:25 of 3rd period - Deflect By Tomas Hertl.
13:25 of 3rd period - Stopped by Mike Smith with a rebound.
13:39 of 3rd period - Shot by Blake Wheeler.
13:39 of 3rd period - Stopped by Mike Smith without a rebound.
13:40 of 3rd period - Casey Cizikas wins face-off versus Mikael Backlund in SALEM BLACK JAYS zone.
13:44 of 3rd period - Minor Penalty to Jason Demers for Hooking.
13:45 of 3rd period - Casey Cizikas wins face-off versus Mikael Backlund in SALEM BLACK JAYS zone.
13:49 of 3rd period - Off-side.
13:50 of 3rd period - Sebastian Aho wins face-off versus Matthew Calvert in neutral zone.
14:06 of 3rd period - Icing by Victor Hedman.
14:07 of 3rd period - Dylan Larkin wins face-off versus Sebastian Aho in SPOKANE KNIGHTS zone.
14:18 of 3rd period - Casey Cizikas is hit by Matthew Tkachuk and loses puck.
14:47 of 3rd period - Shot by Matthew Tkachuk.
14:47 of 3rd period - Stopped by Mike Smith with a rebound.
15:29 of 3rd period - Shot by Blake Wheeler.
15:29 of 3rd period - Shot Misses the Net.
15:49 of 3rd period - Icing by Michal Kempny.
15:50 of 3rd period - Marcus Kruger wins face-off versus Filip Chytil in SALEM BLACK JAYS zone.
19:32 of 3rd period - Shot by Casey Cizikas.
19:32 of 3rd period - Shot Misses the Net.
19:34 of 3rd period - Shot by Jason Demers.
19:34 of 3rd period - Stopped by Braden Holtby with a rebound.
19:36 of 3rd period - Shot by Casey Cizikas.
19:36 of 3rd period - Stopped by Braden Holtby without a rebound.
19:37 of 3rd period - Dylan Larkin wins face-off versus Sebastian Aho in SPOKANE KNIGHTS zone.
19:56 of 3rd period - Shot by Tomas Hertl.
19:56 of 3rd period - Stopped by Mike Smith with a rebound.
Goals for this period are 0 for SPOKANE KNIGHTS vs 0 for SALEM BLACK JAYS.
Shots for this period are 9 for SPOKANE KNIGHTS vs 12 for SALEM BLACK JAYS.

Overtime #1


0:01 of 1st overtime period - Mathew Barzal wins face-off versus Tomas Hertl in neutral zone.
0:04 of 1st overtime period - Shot by Mikko Rantanen.
0:04 of 1st overtime period - Goal by Mikko Rantanen - SPOKANE KNIGHTS : 2 - SALEM BLACK JAYS : 3.
Goals for this period are 0 for SPOKANE KNIGHTS vs 1 for SALEM BLACK JAYS.
Shots for this period are 0 for SPOKANE KNIGHTS vs 1 for SALEM BLACK JAYS.


NATHAN
MACKINNON
PHILLIP
DANAULT
CONNOR
MCDAVID

EAST COAST

HOCKEY LEAGUE

  • 25.QUE4CHI5
  • 26.CHA2LIM3
  • 27.TRV2LON3
  • 28.CHW4BAL2
  • 29.PITMAN
  • 30.ATLNHW
  • 31.WORPET
  • 32.RHI